 Dungeon Crawl Stone Soup version 0.24.0-125-gc4c63601f3 (webtiles) character file.

Game seed: 8473124272457030821, levelgen mode: deterministic

34197 Destapler the Severer (level 13, -7/117 HPs)
             Began as a Minotaur Berserker on Mar 14, 2020.
             Was a High Priest of Trog.
             Mangled by a skeletal warrior
             ... wielding a +4 mace
             ... led by a skeletal warrior
              (19 damage)
             ... on level 15 of the Dungeon.
             The game lasted 01:05:20 (13962 turns).

Destapler the Severer (Minotaur Berserker)         Turns: 13962, Time: 01:05:21

Health: -7/117     AC: 19    Str: 26    XL:     13   Next: 40%
Magic:  15/15      EV: 11    Int:  5    God:    Trog [*****.]
Gold:   1140       SH: 19    Dex: 10    Spells: 12/12 levels left

rFire    . . .     SeeInvis .   a - +4 broad axe (flame)
rCold    . . .     Gourm    .   h - +1 shield
rNeg     . . .     Faith    .   I - quicksilver dragon scales
rPois    +         Spirit   .   (helmet restricted)
rElec    .         Reflect  +   N - +0 cloak
rCorr    .         Harm     .   z - +0 pair of gloves
MR       ++...                  k - +0 pair of boots
Stlth    +.........             J - +5 amulet of reflection
HPRegen  0.29/turn              y - ring of poison resistance
MPRegen  0.14/turn              K - ring of protection from magic

@: no status effects
A: retaliatory headbutt, horns 2
a: Berserk, Trog's Hand, Brothers in Arms, Renounce Religion


You were on level 15 of the Dungeon.
You worshipped Trog.
Trog was extremely pleased with you.
You were hungry.

You visited 2 branches of the dungeon, and saw 16 of its levels.
You also visited: Ossuary.

You collected 1265 gold pieces.
You spent 125 gold pieces at shops.

Inventory:

Hand Weapons
 a - a +4 broad axe of flaming (weapon)
Missiles
 b - 136 stones (quivered)
 p - 27 poisoned darts
 v - 18 boomerangs
 R - 18 javelins
Armour
 h - a +1 shield (worn)
 k - a +0 pair of boots (worn)
 z - a +0 pair of gloves (worn)
 I - quicksilver dragon scales (worn)
 N - a +0 cloak (worn)
 V - a +2 ring mail of fire resistance
Jewellery
 d - an uncursed ring of protection from magic
 y - a ring of poison resistance (left hand)
 B - an uncursed ring of positive energy
 J - a +5 amulet of reflection (around neck)
 K - a ring of protection from magic (right hand)
 T - an uncursed ring of protection from magic
Wands
 f - a wand of flame (44)
 j - a wand of digging (5)
 l - a wand of scattershot (8)
 m - a wand of polymorph (14)
 M - a wand of disintegration (9)
 X - a wand of iceblast (7)
 Y - a wand of enslavement (11)
 Z - a wand of clouds (2)
Scrolls
 n - 2 scrolls of remove curse
 o - 3 scrolls of fog
 r - 12 scrolls of identify
 t - a scroll of fear
 x - 3 scrolls of blinking
 A - 2 scrolls of enchant armour
 C - a scroll of random uselessness {unknown}
 E - 8 scrolls of teleportation {unknown}
 L - a scroll of silence {unknown}
 O - a scroll of noise {unknown}
 P - a scroll of enchant weapon
 S - a scroll of summoning {unknown}
 U - a scroll of torment {unknown}
 W - a scroll of magic mapping {unknown}
Potions
 e - 4 potions of magic
 g - 9 potions of curing
 i - 2 potions of haste
 q - 3 potions of flight
 u - a potion of cancellation
 w - 3 potions of agility
 D - a potion of heal wounds
 F - 3 potions of invisibility {unknown}
 G - 2 potions of brilliance {unknown}
 H - 2 potions of lignification
 Q - a potion of mutation {unknown}
Comestibles
 c - 24 rations


   Skills:
 + Level 11.7 Fighting
 * Level 15.2 Axes
 + Level 1.4 Throwing
 + Level 13.4 Armour
 + Level 2.9 Dodging
 + Level 1.3 Stealth
 + Level 12.3 Shields
 - Level 5.2 Evocations


You had 12 spell levels left.
You didn't know any spells.
Your spell library contained the following spells:

 Spells                   Type           Power        Failure   Level  Hunger
 Corona                   Hex            #......      71%         1    ##.....
 Magic Dart               Conj           #...         71%         1    ##.....
 Summon Small Mammal      Summ           #...         71%         1    ##.....
 Blink                    Tloc           N/A          83%         2    ###....
 Call Imp                 Summ           #.......     83%         2    ###....
 Ensorcelled Hibernation  Hex/Ice        #.....       83%         2    ###....
 Slow                     Hex            #.......     83%         2    ###....
 Call Canine Familiar     Summ           #.......     97%         3    ####...
 Confuse                  Hex            #.......     97%         3    ####...
 Conjure Flame            Conj/Fire      #.......     97%         3    ####...
 Dazzling Spray           Conj/Hex       #.....       97%         3    ####...
 Mephitic Cloud           Conj/Pois/Air  #.......     97%         3    ####...
 Summon Guardian Golem    Hex/Summ       #.......     97%         3    ####...
 Tukima's Dance           Hex            #.......     97%         3    ####...
 Summon Ice Beast         Ice/Summ       #.......     100%        4    #####..
 Summon Lightning Spire   Summ/Air       #.......     100%        4    #####..


Dungeon Overview and Level Annotations

Branches:
Dungeon (14/15)            Temple (1/1) D:4            Lair (0/6) D:9
    Orc (0/2) D:10         Vaults (0/5) D:14        Ossuary (visited)

Altars:
Ashenzari
Cheibriados
Dithmenos
Elyvilon
Fedhas
Gozag
Hepliaklqana
Kikubaaqudgha
Makhleb
Nemelex Xobeh
Okawaru
Qazlal
Ru
Sif Muna
Trog
Uskayaw
Vehumet
Wu Jian
Xom
Yredelemnul
Zin
The Shining One
Beogh

Shops:
D:5 !   D:11 (}![:


Innate Abilities, Weirdness & Mutations

You reflexively headbutt those who attack you in melee.
You have a pair of horns on your head.


Message History

* * * LOW HITPOINT WARNING * * *
Your skin crawls.
You feel resistant to hostile enchantments.
You are feeling hungry.
The skeletal warrior hits you from afar with a +0 trident!
* * * LOW HITPOINT WARNING * * *
The skeletal warrior hits you with a +0 mace!
* * * LOW HITPOINT WARNING * * *
You feel the effects of Trog's Hand fading.
Your skin stops crawling.
You feel less resistant to hostile enchantments.
There is an open door here.
You barely miss the skeletal warrior.
The skeletal warrior is heavily damaged.
The skeletal warrior hits you with a +4 mace!!
* * * LOW HITPOINT WARNING * * *
You barely miss the skeletal warrior.
The skeletal warrior is moderately damaged.
The skeletal warrior hits you with a +4 mace!!
You die...

#...z# #..# #(...# #..#
#....+ #..# #....# #..+ .#
###..########..# .#
#.........z..#####.#
#.....#####.z......#
#.....#...#####....#
#.....#.....@.z....#
#.....'......z#....#
#.....#.......#....#
#.....#.......#....#
#.....#.......#....#
#.....#.......#....##
#.....#.......#.....#
#.....#.......#.....#
......#.......#.....#######.


You could see 2 skeletal warriors.

Vanquished Creatures
  Frances (D:12)
  An ogre mage (D:11)
  Snorg (D:13)
  A rakshasa (D:15)
  A centaur warrior (D:14)
  10 two-headed ogres
  Urug (D:11)
  A skeletal warrior (D:15)
  3 unseen horrors
  An orc knight (D:10)
  A deep elf mage (D:14)
  9 ugly things
  3 cyclopes
  A manticore (D:13)
  3 gargoyles
  A centaur skeleton (D:11)
  A kobold demonologist (D:11)
  A komodo dragon (D:15)
  3 meliai (D:13)
  Grinder (D:3)
  6 trolls
  9 slime creatures
  A hornet (D:11)
  3 hippogriffs
  2 vampires
  4 yaks
  A human (D:7)
  2 shadows
  3 hogs (D:7)
  A wyvern (D:13)
  A hog (shapeshifter) (D:13)
  Menkaure (D:6)
  Edmund (D:6)
  A water moccasin (D:9)
  5 sky beasts
  2 ice beasts
  A black bear (D:9)
  An eye of draining (shapeshifter) (D:13)
  A necrophage (D:8)
  4 orc warriors
  A boggart (D:14)
  7 ogres
  2 crocodiles
  2 bullfrogs (D:7)
  4 scorpions
  15 killer bees
  3 electric eels (D:9)
  2 howler monkeys
  3 crimson imps
  2 bullfrog zombies
  3 centaur zombies
  A quasit (D:9)
  A gnoll shaman (D:7)
  8 jellies
  6 orc priests
  4 bullfrog skeletons
  5 hounds
  9 orc wizards
  Ijyb (D:4)
  Jessica (D:3)
  Terence (D:3)
  3 iguanas
  7 worker ants
  A big kobold zombie (Ossuary)
  A hound skeleton (D:10)
  8 mummies (Ossuary)
  Robin (D:3)
  A howler monkey zombie (D:10)
  A worker ant zombie (D:5)
  5 adders
  9 gnolls
  A white imp (D:8)
  2 adder zombies
  2 adder skeletons
  3 worms
  3 dart slugs
  3 leopard geckos
  61 orcs
  8 giant cockroaches
  14 goblins
  8 hobgoblins
  12 jackals
  4 quokkas
  5 bats
  4 frilled lizards
  A gnoll zombie (Ossuary)
  A jackal zombie (D:6)
  5 kobolds
  4 kobold zombies (Ossuary)
  A leopard gecko zombie (D:4)
  2 orc zombies (Ossuary)
  7 rats
  A plant (D:11)
365 creatures vanquished.

Vanquished Creatures (others)
  Nessos (D:14)
  2 centaurs
  An orc (D:7)
  A kobold (D:3)
  A rat (D:3)
6 creatures vanquished.

Grand Total: 371 creatures vanquished

Notes
Turn   | Place    | Note
-------+----------+-------------------------------------------
     0 | D:1      | Destapler the Minotaur Berserker began the quest for the
                  | Orb.
     0 | D:1      | Reached XP level 1. HP: 19/19 MP: 0/0
   285 | D:1      | Reached XP level 2. HP: 23/27 MP: 1/1
   434 | D:1      | Reached skill level 1 in Shields
   588 | D:1      | Reached skill level 4 in Axes
  1212 | D:2      | Reached XP level 3. HP: 25/33 MP: 2/2
  1321 | D:2      | Reached XP level 4. HP: 30/41 MP: 3/3
  1412 | D:2      | Reached ** piety under Trog
  1576 | D:2      | Reached skill level 5 in Fighting
  1950 | D:3      | Reached XP level 5. HP: 47/48 MP: 4/4
  1969 | D:3      | Noticed Terence
  1983 | D:3      | Killed Terence
  1983 | D:3      | Reached skill level 5 in Axes
  2191 | D:3      | Found a radiant altar of Vehumet.
  2489 | D:3      | Noticed Grinder
  2493 | D:3      | Paralysed by Grinder for 2 turns
  2503 | D:3      | Killed Grinder
  2503 | D:3      | Reached skill level 7 in Axes
  2503 | D:3      | Reached XP level 6. HP: 52/56 MP: 5/5
  2740 | D:3      | Noticed Robin
  2747 | D:3      | Killed Robin
  2948 | D:3      | Noticed Jessica
  2955 | D:3      | Killed Jessica
  3201 | D:4      | Found a staircase to the Ecumenical Temple.
  3210 | Temple   | Entered the Ecumenical Temple
  3331 | D:4      | Noticed Ijyb
  3339 | D:4      | Killed Ijyb
  3339 | D:4      | Reached skill level 8 in Axes
  3379 | D:4      | Found a white marble altar of Elyvilon.
  3504 | D:4      | Reached *** piety under Trog
  3529 | D:4      | Reached XP level 7. HP: 61/61 MP: 6/6
  3814 | D:5      | Entered Level 5 of the Dungeon
  3836 | D:5      | Got a pitted great sword
  3837 | D:5      | Identified the +8 great sword of Wueneshri {slice, Stlth+}
                  | (You found it on level 5 of the Dungeon)
  3994 | D:5      | Found a basalt altar of Yredelemnul.
  4034 | D:5      | Reached skill level 5 in Shields
  4068 | D:5      | Found a shattered altar of Ashenzari.
  4181 | D:5      | Reached XP level 8. HP: 68/68 MP: 7/7
  4200 | D:5      | Got a shimmering robe
  4261 | D:5      | Found Xatirph's Distillery.
  4264 | D:5      | Bought a potion of heal wounds for 50 gold pieces
  4264 | D:5      | Bought a potion of degeneration for 10 gold pieces
  4350 | D:6      | Noticed a +0 dagger
  4350 | D:6      | Noticed a +0 hand axe
  4352 | D:6      | Found a hide-covered altar of Uskayaw.
  4495 | D:6      | Noticed Menkaure
  4500 | D:6      | Killed Menkaure
  4500 | D:6      | Reached skill level 5 in Armour
  4549 | D:6      | Found a sand-covered staircase.
  4553 | Ossuary  | Entered an ossuary
  4927 | Ossuary  | Reached **** piety under Trog
  5063 | D:6      | Noticed Edmund
  5096 | D:6      | Killed Edmund
  5301 | D:6      | Found a blossoming altar of Fedhas.
  5691 | D:6      | Reached XP level 9. HP: 69/74 MP: 8/8
  5721 | D:7      | Found a stormy altar of Qazlal.
  5834 | D:7      | Found a sacrificial altar of Ru.
  5945 | D:7      | Reached skill level 10 in Shields
  6297 | D:7      | Found an ornate altar of the Wu Jian Council.
  6354 | D:7      | Found a burning altar of Makhleb.
  6614 | D:8      | Reached XP level 10. HP: 43/81 MP: 9/9
  7045 | D:8      | Reached ***** piety under Trog
  7055 | D:8      | Found a sparkling altar of Nemelex Xobeh.
  7084 | D:8      | Found an ancient bone altar of Kikubaaqudgha.
  7476 | D:8      | Reached skill level 9 in Axes
  7632 | D:9      | Found a staircase to the Lair.
  7652 | D:9      | Found a hazy altar of Hepliaklqana.
  7705 | D:9      | Found a sparkling altar of Nemelex Xobeh.
  7838 | D:9      | Found a bloodstained altar of Trog.
  8525 | D:10     | Entered Level 10 of the Dungeon
  8584 | D:10     | Noticed an orc knight
  8609 | D:10     | Killed an orc knight
  8609 | D:10     | Reached skill level 1 in Evocations
  8627 | D:10     | Received a gift from Trog
  8931 | D:10     | Found a roughly hewn altar of Beogh.
  8952 | D:10     | Found a staircase to the Orcish Mines.
  9291 | D:10     | Killed an unseen horror
  9291 | D:10     | Reached skill level 10 in Axes
  9299 | D:10     | Got a brightly glowing glaive
  9901 | D:11     | Found Zeonuib's Distillery.
  9909 | D:11     | Bought a potion of heal wounds for 65 gold pieces
 10032 | D:11     | Reached skill level 10 in Armour
 10047 | D:11     | Found Umpoff's Gadget Boutique.
 10079 | D:11     | Noticed Urug
 10087 | D:11     | Killed Urug
 10087 | D:11     | Reached XP level 11. HP: 82/92 MP: 12/12
 10103 | D:11     | Identified the +1 robe of Vlad {rF- Str+4 Int+4 Dex+9} (You
                  | found it on level 5 of the Dungeon)
 10125 | D:11     | Identified the +5 glaive "Upluo" {elec, *Rage rPois Str+7
                  | Stlth+} (You found it on level 10 of the Dungeon)
 10190 | D:11     | Found Unaorhuf's Antique Armour Boutique.
 10201 | D:11     | Found Zompav's Book Shoppe.
 10384 | D:11     | Found Deporr's Antique Weapon Shop.
 10384 | D:11     | Noticed an ogre mage
 10384 | D:11     | Noticed a two-headed ogre
 10384 | D:11     | Noticed a two-headed ogre
 10385 | D:11     | Noticed a two-headed ogre
 10385 | D:11     | Noticed a two-headed ogre
 10397 | D:11     | Killed a two-headed ogre
 10399 | D:11     | Killed a two-headed ogre
 10406 | D:11     | Killed an ogre mage
 10406 | D:11     | Reached skill level 5 in Evocations
 10409 | D:11     | Noticed a two-headed ogre
 10409 | D:11     | Killed a two-headed ogre
 10411 | D:11     | Killed a two-headed ogre
 10411 | D:11     | Reached skill level 11 in Axes
 10414 | D:11     | Killed a two-headed ogre
 10508 | D:11     | Noticed a soul eater
 10879 | D:12     | Noticed a two-headed ogre
 10883 | D:12     | Killed a two-headed ogre
 11120 | D:12     | Noticed a red ugly thing
 11132 | D:12     | Killed a red ugly thing
 11146 | D:12     | Reached skill level 12 in Axes
 11193 | D:12     | Noticed Frances
 11210 | D:12     | HP: 2/97 [Frances/iron shot (39)]
 11213 | D:12     | Killed Frances
 11213 | D:12     | Reached XP level 12. HP: 4/106 MP: 14/14
 11751 | D:12     | Reached skill level 10 in Fighting
 11803 | D:12     | Reached skill level 13 in Axes
 12271 | D:13     | Noticed a two-headed ogre
 12467 | D:13     | Killed a two-headed ogre
 12869 | D:13     | Noticed Snorg
 12883 | D:13     | Killed Snorg
 12883 | D:13     | Reached skill level 14 in Axes
 13040 | D:14     | Noticed a two-headed ogre
 13046 | D:14     | Killed a two-headed ogre
 13167 | D:14     | Noticed a centaur warrior
 13172 | D:14     | Killed a centaur warrior
 13172 | D:14     | Reached XP level 13. HP: 107/116 MP: 15/15
 13349 | D:14     | Noticed Nessos
 13371 | D:14     | Killed Nessos
 13522 | D:14     | Reached skill level 15 in Axes
 13588 | D:14     | Found a gate to the Vaults.
 13657 | D:14     | You fall into a shaft and drop 1 floor!
 13657 | D:15     | Entered Level 15 of the Dungeon
 13685 | D:15     | Reached skill level 1 in Throwing
 13706 | D:15     | Found an opulent altar of Gozag.
 13754 | D:15     | Reached skill level 1 in Stealth
 13962 | D:15     | Mangled by a skeletal warrior

Levels and vault maps discovered:
D:1:      dpeg_arrival_signposts, layout_basic
D:2:      layout_loops_ring, corexii_item_surrounded_by_moat
D:3:      layout_basic, fiery_altar_vehumet, kennysheep_cluttered_room,
          minmay_curled_crystal, uniq_robin, uniq_terence, uniq_grinder,
          uniq_jessica
D:4:      layout_basic, old_standard_altar, minmay_temple_entry_hall,
          first_ration, uniq_ijyb
D:5:      layout_rooms, cheibrodos_ashenzari_chains,
          nicolae_overflow_crystal_walls, serial_shops,
          nicolae_shop_behind_doors
D:6:      layout_basic, fedhas_altar_2, dancing_weapons_uskayaw,
          enter_ossuary_5, hangedman_decor_lopped, dk_noncrumbling_3,
          uniq_menkaure, uniq_edmund
D:7:      layout_rooms, kennysheep_little_box, grunt_qazlal_sundering,
          makhleb_heckhound_becter, grunt_livestock, hangedman_ru_absence
D:8:      layout_gridville, nemelex_xobeh_ov_fountains_minmay,
          lemuel_doored_altar, glass_columns_c, minmay_fire_ice_demons
D:9:      layout_stronghold, lemuel_round_altar, old_standard_altar,
          dpeg_oklobed_lair, basic_altar, serial_bayou_lake_a
D:10:     layout_basic, david_orc_5
D:11:     layout_loops_corners, serial_shops, shop, shop, shop_statue,
          nicolae_shop_temple_entry_statues_fountains,
          nicolae_shop_overgrown_old_shop, uniq_urug
D:12:     layout_basic, uniq_frances
D:13:     layout_cave_pools, library_closet, uniq_snorg
D:14:     minmay_open_boxes_in_corner, layout_grid_maze, david_vaults_1,
          serial_bayou_ford_a, nrook_mini_vaults, chequers_serial_rivers_marsh,
          kennysheep_generic_room_8, uniq_nessos
D:15:     grunt_enter_depths_snipers, layout_irregular_city, tso_altar,
          minivault_19, grunt_gozag_breadcrumbs
Temple:   nicolae_temple_figure_zero

Skill      XL: |  1  2  3  4  5  6  7  8  9 10 11 12 13 |
---------------+----------------------------------------+-----
Shields        | 1 2 3 5 9 12 | 12.3
Fighting       | 4 5 7 9 11 | 11.7
Axes           | 4 7 8 10 12 14 15 | 15.2
Armour         | 4 6 8 10 11 13 | 13.4
Evocations     | 3 5 |  5.2
Throwing       | 1 |  1.4
Stealth        | 1 |  1.3
Dodging        | |  2.9

Action                   |  1- 3 |  4- 6 |  7- 9 | 10-12 | 13-15 || total
-------------------------+-------+-------+-------+-------+-------++-------
Melee: Hand axe          |    74 |   133 |    20 |   150 |       ||   377
       Headbutt          |     5 |    23 |    42 |   112 |    13 ||   195
       Great sword       |       |       |   160 |    12 |       ||   172
       Broad axe         |       |       |       |   333 |    73 ||   406
Throw: Stone             |     2 |       |     8 |     3 |       ||    13
Invok: Trog's Hand       |       |     3 |     2 |     8 |     2 ||    15
       Berserk           |       |     1 |     1 |     7 |     1 ||    10
Evoke: Wand              |       |       |       |     4 |       ||     4
  Use: Scroll            |       |     5 |    11 |       |       ||    16
       Potion            |       |       |     1 |     3 |       ||     4
  Eat: Chunk             |     1 |     9 |    12 |    25 |     4 ||    51
       Ration            |       |       |       |     2 |       ||     2
Armor: Animal skin       |     7 |       |       |       |       ||     7
       Ring mail         |     6 |    33 |       |    54 |       ||    93
       Scale mail        |       |     7 |    96 |    57 |       ||   160
       Quicksilver drago |       |       |       |    12 |    18 ||    30
Dodge: Dodged            |    32 |    46 |   124 |   118 |    13 ||   333
Block: Shield            |    28 |    18 |       |   369 |    40 ||   455
       Other             |       |       |    30 |     4 |       ||    34
       Reflection        |       |       |     4 |     7 |     6 ||    17
       Rpst.: Great sword |       |       |    36 |     2 |       ||    38
